 Dungeon Crawl Stone Soup version 0.23-a0-389-g4a5eb33 (webtiles) character file.

684247 Azzok the Sorcerer (level 27, -1/155 HPs)
             Began as a Deep Elf Fire Elementalist on Oct 29, 2018.
             Was the Champion of Vehumet.
             Slain by a ghost moth (7 damage)
             ... on level 4 of the Realm of Zot.
             The game lasted 04:02:32 (95984 turns).

Azzok the Sorcerer (Deep Elf Fire Elementalist)    Turns: 95984, Time: 04:02:33

Health: -1/155     AC:  8    Str: 14 (15) XL:     27
Magic:  0/63       EV: 23    Int: 38 (40) God:    Vehumet [******]
Gold:   921        SH:  7    Dex: 10 (12) Spells: 14/76 levels left

rFire    + + .     SeeInvis .   a - +1 morningstar of Regicide {speed, MP+9 Str+2 Int+3 Dex-3}
rCold    + + .     Gourm    +   Z - +3 warlock's mirror {reflect}
rNeg     + + +     Faith    .   s - +2 robe {Archmagi}
rPois    ∞         Spirit   .   V - +1 hat {Int+3}
rElec    +         Reflect  +   x - +2 cloak
rCorr    .         Harm     .   T - +2 pair of gloves of the Circus Animal {Str+4}
MR       +++..                  I - +2 pair of boots {run}
Stlth    ++........             K - amulet "Unioppy" {Gourm rC+ Str+4}
HPRegen  0.35/turn              L - ring "Zenaviba" {rPois rF+ rN+}
MPRegen  0.38/turn              v - ring of Erezxeimp {+Fly rElec rF+}

@: about to teleport, lich-form, corroded, quick
A: no striking features
}: 4/15 runes: serpentine, barnacled, slimy, silver
a: End Transformation, Renounce Religion, Evoke Flight


You were on level 4 of the Realm of Zot.
You worshipped Vehumet.
Vehumet was exalted by your worship.
You were not hungry.
You were a lich.
You visited 11 branches of the dungeon, and saw 56 of its levels.
You also visited: Labyrinth and Trove.

You collected 7460 gold pieces.
You spent 6539 gold pieces at shops.

Inventory:

Hand Weapons
 a - the +1 morningstar of Regicide (weapon) {speed, MP+9 Str+2 Int+3 Dex-3}
   (You found it in a labyrinth)

   Attacks with this weapon are significantly faster.
   It affects your strength (+2).
   It affects your intelligence (+3).
   It affects your dexterity (-3).
   It affects your magic capacity (+9).
Armour
 s - a +2 robe of the Archmagi (worn)
 x - a +2 cloak (worn)
 I - a +2 pair of boots of running (worn)
 T - the +2 pair of gloves of the Circus Animal (worn) {Str+4}
   (You found it on level 3 of the Depths)

   It affects your strength (+4).
 V - a +1 hat of intelligence (worn)
 Z - the +3 warlock's mirror (worn) {reflect}
   (You found it on level 14 of the Dungeon)
Magical Staves
 b - an uncursed staff of energy
 f - an uncursed staff of fire
Jewellery
 g - an uncursed ring of resist corrosion
 l - a +6 ring of intelligence
 t - the ring of Codior {MR+ Dex+3 Slay+2}
   (You found it on level 5 of the Pits of Slime)

   [ring of protection from magic]

   It affects your dexterity (+3).
   It affects your accuracy and damage with ranged weapons and melee attacks
   (+2).
   It affects your resistance to hostile enchantments.
 v - the ring of Erezxeimp (right hand) {+Fly rElec rF+}
   (You found it on level 5 of the Pits of Slime)

   [ring of flight]

   It protects you from fire.
   It insulates you from electricity.
   It lets you fly.
 K - the amulet "Unioppy" (around neck) {Gourm rC+ Str+4}
   (You bought it in a shop on level 2 of the Orcish Mines)

   [amulet of the gourmand]

   It allows you to eat raw meat even when not hungry.
   It affects your strength (+4).
   It protects you from cold.
 L - the ring "Zenaviba" (left hand) {rPois rF+ rN+}
   (You found it on level 4 of the Shoals)

   [ring of positive energy]

   It protects you from fire.
   It protects you from poison.
   It protects you from negative energy.
 M - an uncursed ring of wizardry
 S - an uncursed ring of protection from fire
Wands
 i - a wand of digging (10)
 C - a wand of clouds (19)
 U - a wand of acid (49)
Scrolls
 e - 12 scrolls of identify
 k - 25 scrolls of remove curse
 m - 6 scrolls of fog
 q - 13 scrolls of immolation
 u - 8 scrolls of magic mapping
 y - 6 scrolls of amnesia
 A - 2 scrolls of summoning
 B - 9 scrolls of enchant armour
 F - 5 scrolls of blinking
 G - 7 scrolls of fear
 O - 3 scrolls of holy word
 Q - 15 scrolls of teleportation
Potions
 d - 12 potions of might
 h - 22 potions of curing
 n - 9 potions of heal wounds
 o - 12 potions of flight
 p - 11 potions of brilliance
 r - 5 potions of magic
 w - 8 potions of lignification
 z - 6 potions of mutation {!q}
 D - 4 potions of invisibility
 E - 8 potions of haste
 J - 5 potions of cancellation
 P - 8 potions of ambrosia
 R - a potion of resistance
 X - 8 potions of agility
Miscellaneous
 W - a fan of gales
Comestibles
 c - 83 rations


   Skills:
 + Level 11.5 Fighting
 - Level 22.3 Dodging
 - Level 2.4 Stealth
 - Level 4.0 Shields
 + Level 25.1 Spellcasting
 - Level 20.0 Conjurations
 - Level 21.3 Necromancy
 - Level 14.0 Transmutations
 - Level 20.0 Fire Magic
 + Level 2.0 Air Magic
 - Level 20.0 Earth Magic
 + Level 22.4 Evocations


You had 14 spell levels left.
You knew the following spells:

 Your Spells              Type           Power        Failure   Level  Hunger
a - Flame Tongue          Conj/Fire      #####        0%          1    N/A
b - Necromutation         Tmut/Necr      #########.   1%          8    N/A
c - Lehudib's Crystal Sp  Conj/Erth      ########..   1%          8    N/A
d - Fireball              Conj/Fire      ########..   0%          5    N/A
e - Fire Storm            Conj/Fire      ########..   3%          9    N/A
g - Blink                 Tloc           N/A          1%          2    N/A
h - Statue Form           Tmut/Erth      ########.    1%          6    N/A
i - Shatter               Erth           ########..   3%          9    N/A
k - Borgnjor's Vile Clut  Necr/Erth      #########.   0%          5    N/A
l - Tornado               Air            #######...   100%        9    N/A

Your spell library contained the following spells:

 Spells                   Type           Power        Failure   Level  Hunger
 Glaciate                 Conj/Ice       ########..   83%         9    N/A
 Animate Skeleton         Necr           N/A          0%          1    N/A
 Beastly Appendage        Tmut           ######       0%          1    N/A
 Magic Dart               Conj           ####         0%          1    N/A
 Pain                     Necr           ####         0%          1    N/A
 Sandblast                Erth           ######       0%          1    N/A
 Shock                    Conj/Air       ####         0%          1    N/A
 Sting                    Conj/Pois      ####         0%          1    N/A
 Corpse Rot               Necr           N/A          0%          2    N/A
 Sticks to Snakes         Tmut           ########     0%          2    N/A
 Sublimation of Blood     Necr           #########.   0%          2    N/A
 Throw Flame              Conj/Fire      ######       0%          2    N/A
 Throw Frost              Conj/Ice       ######       0%          2    N/A
 Conjure Flame            Conj/Fire      ########     0%          3    N/A
 Ignite Poison            Fire/Tmut/Pois ########     0%          3    N/A
 Inner Flame              Hex/Fire       ########     0%          3    N/A
 Regeneration             Chrm/Necr      ########..   0%          3    N/A
 Stone Arrow              Conj/Erth      ######       0%          3    N/A
 Vampiric Draining        Necr           #########.   0%          3    N/A
 Animate Dead             Necr           N/A          0%          4    N/A
 Petrify                  Tmut/Erth      ########     0%          4    N/A
 Sticky Flame             Conj/Fire      ########     0%          4    N/A
 Agony                    Necr           ########     0%          5    N/A
 Bolt of Draining         Conj/Necr      #########.   0%          5    N/A
 Bolt of Magma            Conj/Fire/Erth ########..   0%          5    N/A
 Dispel Undead            Necr           ########     0%          5    N/A
 Lee's Rapid Deconstruct  Erth           ########..   0%          5    N/A
 Bolt of Fire             Conj/Fire      ########..   0%          6    N/A
 Death Channel            Necr           #########.   0%          6    N/A
 Iron Shot                Conj/Erth      ########..   0%          6    N/A
 Apportation              Tloc           ######       1%          1    N/A
 Confusing Touch          Hex            ######       1%          1    N/A
 Corona                   Hex            ######.      1%          1    N/A
 Freeze                   Ice            ####         1%          1    N/A
 Infusion                 Chrm           ####         1%          1    N/A
 Summon Butterflies       Summ           ######..     1%          1    N/A
 Summon Small Mammal      Summ           ####         1%          1    N/A
 Call Imp                 Summ           ######..     1%          2    N/A
 Poisonous Vapours        Pois/Air       ######       1%          2    N/A
 Shroud of Golubria       Chrm/Tloc      ######....   1%          2    N/A
 Slow                     Hex            ######..     1%          2    N/A
 Song of Slaying          Chrm           ######..     1%          2    N/A
 Swiftness                Chrm/Air       ######..     1%          2    N/A
 Call Canine Familiar     Summ           ######..     1%          3    N/A
 Confuse                  Hex            ######..     1%          3    N/A
 Gell's Gravitas          Tloc           ######....   1%          3    N/A
 Lesser Beckoning         Tloc           ######....   1%          3    N/A
 Mephitic Cloud           Conj/Pois/Air  ########     1%          3    N/A
 Ozocubu's Armour         Chrm/Ice       ######..     1%          3    N/A
 Portal Projectile        Hex/Tloc       ######       1%          3    N/A
 Recall                   Summ/Tloc      N/A          1%          3    N/A
 Spectral Weapon          Hex/Chrm       ######..     1%          3    N/A
 Spider Form              Tmut/Pois      ########..   1%          3    N/A
 Teleport Other           Tloc           ######..     1%          3    N/A
 Tukima's Dance           Hex            ######..     1%          3    N/A
 Ice Form                 Ice/Tmut       ########     1%          4    N/A
 Leda's Liquefaction      Hex/Erth       ########..   1%          4    N/A
 Throw Icicle             Conj/Ice       ########     1%          4    N/A
 Alistair's Intoxication  Tmut/Pois      ########     1%          5    N/A
 Blade Hands              Tmut           ########..   1%          5    N/A
 Excruciating Wounds      Chrm/Necr      ########..   1%          5    N/A
 Yara's Violent Unravell  Hex/Tmut       ########..   1%          5    N/A
 Freezing Cloud           Conj/Ice/Air   ########..   1%          6    N/A
 Hydra Form               Tmut           ########..   1%          6    N/A
 Poison Arrow             Conj/Pois      ########..   1%          6    N/A
 Simulacrum               Ice/Necr       ########..   1%          6    N/A
 Borgnjor's Revivificati  Necr           #########.   1%          8    N/A
 Ignition                 Fire           ########..   1%          8    N/A
 Infestation              Necr           #########.   1%          8    N/A
 Cause Fear               Hex            ######....   4%          4    N/A
 Passage of Golubria      Tloc           N/A          4%          4    N/A
 Summon Ice Beast         Ice/Summ       ######..     4%          4    N/A
 Haunt                    Necr/Summ      ########..   4%          7    N/A
 Ring of Flames           Chrm/Fire      ########..   6%          7    N/A
 Chain Lightning          Conj/Air       ########..   9%          8    N/A
 Aura of Abjuration       Summ           ######....   12%         5    N/A
 Metabolic Englaciation   Hex/Ice        ######....   12%         5    N/A
 Summon Demon             Summ           ######....   12%         5    N/A
 Summon Forest            Summ/Tloc      ######....   12%         5    N/A
 Summon Mana Viper        Hex/Summ       ######..     12%         5    N/A
 Ozocubu's Refrigeration  Ice            ######....   17%         6    N/A
 Death's Door             Chrm/Necr      ########..   34%         8    N/A
 Invisibility             Hex            ######..     54%         6    N/A
 Shadow Creatures         Summ           N/A          54%         6    N/A
 Summon Hydra             Summ           ######....   98%         7    N/A

Dungeon Overview and Level Annotations

Branches:
Dungeon (15/15)            Temple (0/1) D:7            Lair (6/6) D:8
 Shoals (4/4) Lair:3        Snake (4/4) Lair:2        Slime (5/5) Lair:6
    Orc (2/2) D:9             Elf (3/3) Orc:2        Vaults (5/5) D:13
  Crypt (3/3) Vaults:2       Tomb (0/3) Crypt:3      Depths (5/5) D:15
    Zot (4/5) Depths:5

Altars:
Dithmenos
Elyvilon
Fedhas
Kikubaaqudgha
Nemelex Xobeh
Trog
Uskayaw
Vehumet
Xom
Yredelemnul
Zin
The Shining One
Jiyva

Shops:
D:4 :   D:6 :   Orc:2 *:*[   Elf:3 !:   Shoals:1 ?   Vaults:2 !:=}
Vaults:3 }(*   Vaults:5 !??%%?%![   Depths:3 =}[(

Portals:
Hell: Depths:1 Depths:2 Depths:3 Depths:4 Depths:5
Abyss: Depths:1 Depths:2 Depths:4 Depths:5
Pandemonium: Depths:3 Depths:5
Ziggurat: Depths:2
Bazaar: D:15

Annotations:
Lair:3 3 runed doors, eyesofgods1's ghost, journeyman HOFi
Shoals:1 1 runed door, Fynlaimo's ghost, adept KoFi
Orc:1 1 transporter
Vaults:1 3 runed doors, Cuqew's ghost, adept DsBe


Message History

You feel clumsy. Something hits you.
You feel clumsy. Something hits you!
You feel dopey. Something closely misses you.
The yellow draconian throws acid at you.
The glob of acid hits you!
* * * LOW HITPOINT WARNING * * *
The acid corrodes you!
You are splashed with acid!
The acid burns!
* * * LOW HITPOINT WARNING * * *
You see here a shadow dragon corpse.
Something hits you!
* * * LOW HITPOINT WARNING * * *
Something hits you!!
* * * LOW HITPOINT WARNING * * *
Something stings you but does no damage.
You feel you are being watched by something.
Something hits you!
You die...

··▒▒ ▒▒··▒·······
····▒ ▒·····?·····
·····▒▒···········
··················
··················
▒·················
▒········$·······
▒·····L··<······▒
▒▒····†<·····▒▒··
▒·····*········▒
▒·····D··········
▒······d··········
······q········!··
·········d·[······
··················
▒···············


You could see an orb of fire, a shadow dragon, a yellow draconian monk and 2
draconians.

Vanquished Creatures
  the Royal Jelly (Slime:5)
  An orb of fire (Zot:1)
  A juggernaut (Depths:5)
  Sojobo (Vaults:4)
  Frederick (Vaults:3)
  Boris (Crypt:1)
  Saint Roka (Vaults:3)
  Margery (Vaults:2)
  A Killer Klown (Zot:3)
  4 caustic shrikes (Depths:4)
  6 golden dragons
  Jory (Vaults:4)
  2 electric golems (Zot:1)
  Rupert (Lair:6)
  12 tentacled monstrosities
  2 liches
  3 deep elf blademasters
  A titan (Vaults:5)
  21 acid blobs
  2 deep elf master archers (Elf:3)
  2 quicksilver dragons (Zot:1)
  5 sphinxes
  5 death cobs
  Gastronok (D:12)
  4 ancient champions
  2 draconian monks
  13 storm dragons
  8 shadow dragons
  8 tengu reavers
  3 revenants
  Donald (Crypt:1)
  An iron dragon (Depths:4)
  11 azure jellies
  Kirke (D:11)
  10 nagarajas
  10 fire giants
  7 deep elf sorcerers
  23 vault wardens
  4 draconian knights
  2 ghost moths (Zot:3)
  A balrug (Depths:2)
  A draconian shifter (Zot:3)
  9 frost giants
  A curse skull (Crypt:2)
  2 ghouls (Crypt:3)
  2 angels (Depths:2)
  4 draconian scorchers
  8 deep elf elementalists
  A juggernaut zombie (D:15)
  A war gargoyle (Vaults:5)
  A draconian stormcaller (Zot:3)
  11 ironheart preservers
  2 draconian annihilators
  2 entropy weavers
  A caustic shrike skeleton (Crypt:1)
  2 spriggan defenders (Depths:4)
  18 vampire knights
  15 very ugly things
  3 green draconians
  A lorocyproca (Depths:5)
  2 black draconians
  19 stone giants
  9 deep elf demonologists
  4 purple draconians
  Azrael (D:14)
  8 deep elf annihilators
  7 yellow draconians
  Nessos (Lair:4)
  6 white draconians
  A minotaur (Lab)
  6 red draconians
  9 spark wasps
  3 eidola
  21 ettins
  7 deep elf high priests
  10 fire dragons
  5 merfolk javelineers
  7 death oozes (Slime:5)
  18 deep elf death magi
  A quicksilver dragon zombie (Crypt:3)
  11 merfolk impalers
  29 yaktaur captains
  15 jiangshi
  29 vault guards
  13 great orbs of eyes
  8 hydras
  9 rakshasas
  Harold (D:8)
  16 ice dragons
  2 catoblepae
  14 naga warriors
  A hell beast (Depths:3)
  5 spriggan air magi
  Erica (D:9)
  An alligator snapping turtle (Shoals:4)
  23 anacondas
  12 centaur warriors
  31 dancing weapons
  An anaconda (shapeshifter) (Depths:5)
  2 merfolk aquamancers (Shoals:3)
  6 death knights
  3 merfolk avatars
  12 death yaks
  13 ogre magi
  2 satyrs
  55 two-headed ogres
  13 vampire magi
  11 tengu warriors
  12 deep troll earth magi
  6 spriggan berserkers
  14 deep troll shamans
  2 orc high priests (Vaults:4)
  10 naga sharpshooters
  17 hell knights
  2 titan zombies
  4 soul eaters
  24 deep elf knights
  14 shock serpents
  7 spriggans
  4 sun demons
  2 storm dragon zombies (Crypt:3)
  6 salamander mystics
  An iron giant zombie (Crypt:1)
  28 skeletal warriors
  7 unseen horrors
  32 deep trolls
  2 sixfirhies (Depths:3)
  2 shadow wraiths
  2 iron trolls (Depths:3)
  14 sea snakes
  An anaconda zombie (Crypt:2)
  21 wizards
  26 deep elf archers
  7 flayed ghosts
  6 glowing orange brains
  13 naga ritualists
  A swamp dragon (shapeshifter) (Depths:1)
  A golden dragon skeleton (Crypt:2)
  An anaconda skeleton (Crypt:1)
  A lindwurm (shapeshifter) (Vaults:5)
  13 harpies
  4 lindwurms (Snake:4)
  19 orc knights
  A wolf spider (shapeshifter) (Vaults:3)
  19 phantasmal warriors
  Pikel (D:6)
  A shadow dragon zombie (Crypt:2)
  9 necromancers
  16 ironbrand convokers
  A fire giant zombie (D:15)
  19 salamanders
  An iron dragon zombie (Crypt:1)
  An orb spider (shapeshifter) (D:13)
  34 ugly things
  11 fauns
  7 shining eyes
  A sphinx zombie (Vaults:3)
  12 mana vipers
  2 orc sorcerers
  A frost giant zombie (Crypt:3)
  4 wolf spiders
  12 cyclopes
  2 stone giant zombies
  16 manticores
  A salamander (shapeshifter) (Depths:2)
  A tengu skeleton (D:15)
  79 deep elf magi
  A moth of wrath (shapeshifter) (Vaults:3)
  15 moths of wrath
  13 merfolk sirens
  8 elephants
  7 guardian serpents (Snake:4)
  An iron dragon skeleton (Crypt:1)
  18 naga magi
  34 black mambas
  Joseph (D:7)
  A torpor snail (Lair:4)
  4 centaur skeletons
  An elephant (shapeshifter) (Vaults:5)
  A dire elephant zombie (Crypt:3)
  A stone giant skeleton (Vaults:4)
  A water nymph (shapeshifter) (Vaults:2)
  7 water nymphs
  A rust devil (Depths:5)
  12 vault sentinels
  2 spiny frogs (shapeshifter)
  2 gargoyles
  A storm dragon simulacrum (Vaults:2)
  17 spiny frogs
  A hellion (Depths:3)
  An eye of devastation (Slime:4)
  An elephant slug zombie (Crypt:3)
  4 orange demons
  An emperor scorpion zombie (Crypt:3)
  A catoblepas zombie (Crypt:3)
  4 rime drakes
  A grey draconian zombie (Crypt:2)
  4 kobold demonologists
  A human zombie (Vaults:3)
  17 komodo dragons
  A small abomination (Elf:3)
  An alligator snapping turtle skeleton (Crypt:3)
  3 ice devils (Depths:3)
  14 freezing wraiths
  A green draconian skeleton (Crypt:2)
  96 yaktaurs
  2 trolls (shapeshifter)
  6 wind drakes
  2 wind drakes (shapeshifter)
  A merfolk (shapeshifter) (Vaults:5)
  A meliai (shapeshifter) (Vaults:3)
  7 tengu conjurers
  11 trolls
  Grinder (D:4)
  40 merfolk
  A jumping spider (Vaults:5)
  A death yak skeleton (Crypt:3)
  2 red devils
  Prince Ribbit (D:6)
  16 hornets
  4 polar bears
  13 hippogriffs
  A hydra skeleton (Crypt:3)
  A meliai zombie (D:9)
  7 blink frogs
  13 snapping turtles
  90 slime creatures
  6 dream sheep
  A bog body (Crypt:3)
  A hippogriff (shapeshifter) (Depths:5)
  3 ettin zombies
  An ice dragon zombie (Crypt:3)
  A fire dragon zombie (Crypt:3)
  5 flying skulls (Crypt:2)
  A frost giant simulacrum (Vaults:2)
  A tarantella (shapeshifter) (Vaults:2)
  2 redbacks (Vaults:5)
  5 air elementals
  17 water elementals
  23 vampires (Crypt:3)
  A satyr skeleton (Crypt:1)
  2 shadows
  13 wraiths
  A ynoxinul (Depths:3)
  7 fire elementals
  21 humans (D:13)
  A human (shapeshifter) (Vaults:1)
  36 yaks
  2 basilisks
  5 wyverns
  5 golden eyes
  A hog (D:12)
  Eustachio (D:5)
  7 hungry ghosts
  A neqoxec (Depths:3)
  A steam dragon (Lair:4)
  2 chaos spawn (Depths:3)
  Menkaure (D:4)
  A soldier ant (D:10)
  6 acid dragons
  A torturous demonspawn zombie (Crypt:1)
  6 wargs
  A naga (shapeshifter) (Vaults:2)
  A spiny frog zombie (Crypt:3)
  4 hell hounds (D:14)
  30 nagas
  A floating eye (shapeshifter) (Vaults:5)
  13 water moccasins
  4 porcupines
  59 orc warriors
  A swamp drake (D:9)
  2 floating eyes
  An ice beast (D:9)
  4 sky beasts
  2 slaves (D:7)
  4 black bears
  An elf zombie (Vaults:4)
  6 eyes of draining
  2 phantoms
  36 ogres
  10 wolves
  36 centaurs
  13 boggarts
  17 crocodiles
  2 human skeletons (Vaults:3)
  A hog skeleton (Crypt:2)
  8 big kobolds
  A lindwurm skeleton (Crypt:1)
  A komodo dragon zombie (Crypt:2)
  16 bullfrogs
  A deep troll simulacrum (Vaults:1)
  Blork the orc (D:4)
  2 earth elementals (Elf:3)
  A cyclops zombie (Crypt:3)
  A warg zombie (Crypt:2)
  A cyclops skeleton (Crypt:2)
  2 scorpions
  A water moccasin skeleton (Crypt:2)
  A human simulacrum (Vaults:1)
  29 wights
  9 killer bees
  6 howler monkeys
  2 electric eels
  7 crimson imps
  5 quasits
  5 centaur zombies
  A basilisk zombie (Crypt:2)
  3 bullfrog zombies
  11 hounds
  6 jellies
  26 orc priests
  Crazy Yiuf (D:4)
  3 bullfrog skeletons
  4 iron imps (Depths:5)
  7 iguanas
  15 orc wizards
  Terence (D:3)
  12 worker ants
  A tengu zombie (Crypt:3)
  A big kobold skeleton (Crypt:3)
  2 hound zombies
  A hound skeleton (D:10)
  2 worker ant zombies
  17 adders
  7 gnolls
  4 shadow imps
  A white imp (Depths:5)
  2 ufetubi (Depths:5)
  4 oozes
  An adder zombie (D:6)
  An adder skeleton (D:6)
  3 worms
  2 dart slugs
  7 leopard geckos
  115 orcs
  A ball python (D:8)
  7 giant cockroaches
  6 goblins
  12 hobgoblins
  15 jackals
  5 quokkas
  10 bats
  4 frilled lizards
  A goblin skeleton (Crypt:3)
  A jackal zombie (Crypt:1)
  24 kobolds
  A leopard gecko skeleton (Crypt:3)
  A quokka skeleton (D:8)
  9 rats
  A rat zombie (Crypt:1)
  6 crawling corpses (Elf:2)
  30 fire vortices
  5 fungi
  32 plants
  2 withered plants (D:15)
2829 creatures vanquished.

Vanquished Creatures (collateral kills)
  A caustic shrike (Depths:4)
  A titan (Depths:4)
  A quicksilver dragon (Vaults:3)
  4 acid blobs
  A storm dragon (Zot:1)
  An orc warlord (Vaults:4)
  A vampire knight (Crypt:3)
  A stone giant (Depths:2)
  A yellow draconian (Zot:1)
  A purple draconian (Zot:2)
  A red draconian (Zot:3)
  An ettin (Vaults:2)
  A jiangshi (Crypt:3)
  An ice dragon (Vaults:4)
  A vampire mage (Crypt:3)
  A storm dragon skeleton (Crypt:1)
  A golden dragon zombie (Crypt:3)
  An orc knight (Vaults:4)
  2 ugly things
  3 deep elf magi
  A vault sentinel (Vaults:2)
  A grey draconian zombie (Crypt:3)
  A slime creature (Slime:1)
  A golden eye (Slime:3)
  A chaos spawn (Depths:3)
  A floating eye (Depths:4)
  A floating eye (shapeshifter) (Depths:2)
  An orc priest (Vaults:4)
  A white imp (Depths:5)
  2 crawling corpses (Elf:3)
37 creatures vanquished.

Vanquished Creatures (others)
  A naga sharpshooter (Snake:2)
  A deep elf archer (Vaults:3)
  A faun (Shoals:1)
  7 yaktaurs
  2 slaves (D:7)
  An orc (D:12)
  450 fire vortices
  30 fungi
  18 plants
  A withered plant (D:15)
512 creatures vanquished.

Grand Total: 3378 creatures vanquished

Notes
Turn   | Place    | Note
-------+----------+-------------------------------------------
     0 | D:1      | Azzok the Deep Elf Fire Elementalist began the quest for
                  | the Orb.
     0 | D:1      | Reached XP level 1. HP: 10/10 MP: 6/6
   199 | D:1      | Reached XP level 2. HP: 15/15 MP: 6/8
   835 | D:1      | Reached XP level 3. HP: 19/19 MP: 5/9
   840 | D:1      | Learned a level 3 spell: Conjure Flame
  1333 | D:2      | Reached XP level 4. HP: 10/24 MP: 4/10
  1832 | D:2      | Learned a level 4 spell: Sticky Flame
  2745 | D:3      | Reached XP level 5. HP: 28/28 MP: 3/12
  2865 | D:3      | Noticed Terence
  2871 | D:3      | Killed Terence
  2871 | D:3      | Reached skill level 5 in Fire Magic
  3078 | D:3      | Learned a level 2 spell: Blink
  3593 | D:4      | Noticed Blork the orc
  3609 | D:4      | Killed Blork the orc
  3609 | D:4      | Reached skill level 4 in Spellcasting
  3780 | D:4      | Reached XP level 6. HP: 32/32 MP: 0/14
  4116 | D:4      | Found a radiant altar of Vehumet.
  4117 | D:4      | Noticed Grinder
  4138 | D:4      | Killed Grinder
  4138 | D:4      | Reached skill level 5 in Spellcasting
  4138 | D:4      | Reached skill level 5 in Conjurations
  4138 | D:4      | Reached XP level 7. HP: 36/36 MP: 6/17
  4142 | D:4      | Became a worshipper of Vehumet
  4589 | D:4      | Noticed Menkaure
  4596 | D:4      | Killed Menkaure
  4596 | D:4      | Reached skill level 6 in Spellcasting
  4838 | D:4      | Found Zokhle Ehusa's Book Shoppe.
  4989 | D:4      | Found a runed door.
  5194 | D:4      | Noticed Crazy Yiuf
  5198 | D:4      | Killed Crazy Yiuf
  5256 | D:5      | Entered Level 5 of the Dungeon
  5544 | D:5      | Learned a level 5 spell: Fireball
  5651 | D:5      | Reached XP level 8. HP: 41/41 MP: 20/20
  5734 | D:5      | Reached skill level 7 in Spellcasting
  6241 | D:5      | Noticed Eustachio
  6245 | D:5      | Killed Eustachio
  6669 | D:6      | Reached * piety under Vehumet
  6669 | D:6      | Offered knowledge of Sting by Vehumet.
  6758 | D:6      | Reached skill level 8 in Spellcasting
  7412 | D:6      | Found a hide-covered altar of Uskayaw.
  7417 | D:6      | Found Qopiy's Book Shoppe.
  7429 | D:6      | Reached XP level 9. HP: 45/45 MP: 23/23
  8175 | D:7      | Reached skill level 9 in Spellcasting
  8335 | D:7      | Noticed Pikel
  8335 | D:7      | Noticed Prince Ribbit
  8411 | D:6      | Killed Pikel
  8411 | D:6      | Reached skill level 1 in Fighting
  8678 | D:7      | Noticed Joseph
  9143 | D:7      | Reached ** piety under Vehumet
  9143 | D:7      | Offered knowledge of Freeze by Vehumet.
  9568 | D:6      | Killed Prince Ribbit
  9568 | D:6      | Reached skill level 10 in Spellcasting
 10160 | D:7      | Found a staircase to the Ecumenical Temple.
 10171 | D:7      | Found a bloodstained altar of Trog.
 10216 | D:7      | Found a glowing silver altar of Zin.
 10244 | D:7      | Killed Joseph
 10244 | D:7      | Reached XP level 10. HP: 16/56 MP: 25/26
 11040 | D:8      | Offered knowledge of Static Discharge by Vehumet.
 11040 | D:8      | Reached skill level 10 in Fire Magic
 11398 | D:8      | Found the +4 moon troll leather armour {Spirit, Regen++
                  | MP+5}
 11877 | D:8      | Found a staircase to the Lair.
 12083 | D:8      | Found a sparkling altar of Nemelex Xobeh.
 12295 | D:8      | Reached skill level 11 in Spellcasting
 12297 | D:8      | Reached *** piety under Vehumet
 12329 | D:8      | Noticed a three-headed hydra
 12333 | D:8      | Killed a three-headed hydra
 12333 | D:8      | Reached skill level 10 in Conjurations
 12560 | D:9      | Noticed Harold
 12576 | D:8      | Killed Harold
 12576 | D:8      | Reached XP level 11. HP: 55/62 MP: 9/28
 12815 | D:9      | Reached skill level 5 in Fighting
 12816 | D:9      | Offered knowledge of Dazzling Spray by Vehumet.
 12832 | D:9      | Noticed Erica
 12841 | D:9      | Killed Erica
 13017 | D:9      | Found a shimmering altar of Xom.
 13035 | D:9      | Reached skill level 12 in Spellcasting
 13251 | D:9      | Found a white marble altar of Elyvilon.
 13466 | D:9      | Reached **** piety under Vehumet
 13471 | D:9      | Offered knowledge of Fulminant Prism by Vehumet.
 13850 | D:9      | Found a glowing golden altar of the Shining One.
 14179 | D:9      | Found a staircase to the Orcish Mines.
 14246 | D:10     | Entered Level 10 of the Dungeon
 14643 | D:10     | Noticed a two-headed ogre
 14649 | D:10     | Killed a two-headed ogre
 15128 | D:10     | Reached skill level 13 in Spellcasting
 15384 | D:10     | Noticed a two-headed ogre
 15398 | D:10     | Killed a two-headed ogre
 15568 | D:10     | Got an iridescent short sword
 15974 | D:11     | Noticed a two-headed ogre
 15977 | D:11     | Killed a two-headed ogre
 15977 | D:11     | Reached skill level 5 in Dodging
 15977 | D:11     | Reached XP level 12. HP: 68/68 MP: 24/31
 16379 | D:11     | Reached ***** piety under Vehumet
 16619 | D:11     | Offered knowledge of Poison Arrow by Vehumet.
 16620 | D:11     | Identified the +8 short sword "Ogeul" {pain, Stlth+} (You
                  | found it on level 10 of the Dungeon)
 16812 | D:11     | Noticed a yaktaur captain
 16817 | D:11     | Killed a yaktaur captain
 17314 | Lair:1   | Entered Level 1 of the Lair of Beasts
 17319 | Lair:1   | Found a labyrinth entrance.
 17348 | Lab      | Entered a labyrinth
 17643 | Lab      | Noticed a minotaur
 17648 | Lab      | Killed a minotaur
 17663 | Lab      | Got a scorched morningstar
 17786 | Lair:1   | Reached skill level 14 in Spellcasting
 17904 | Lair:1   | Reached skill level 1 in Shields
 18468 | Lair:1   | Found an ancient bone altar of Kikubaaqudgha.
 18723 | Lair:2   | Noticed a catoblepas
 18735 | Lair:2   | Killed a catoblepas
 19088 | Lair:2   | Noticed a five-headed hydra
 19092 | Lair:2   | Killed a five-headed hydra
 19161 | Lair:2   | Noticed a five-headed hydra
 19182 | Lair:2   | Reached XP level 13. HP: 72/72 MP: 7/33
 19382 | Lair:2   | Found a staircase to the Snake Pit.
 19696 | Lair:2   | Identified the cursed +1 morningstar of Regicide {speed,
                  | MP+9 Str+2 Int+3 Dex-3} (You found it in a labyrinth)
 20285 | Lair:3   | Found the +8 autumn katana {slice, Clar}
 20401 | Lair:3   | Found a staircase to the Shoals.
 20429 | Lair:3   | Found a runed gate.
 20429 | Lair:3   | Found a runed gate.
 20631 | Lair:3   | Found a runed gate.
 20635 | Lair:3   | Noticed eyesofgods1's ghost (journeyman HOFi)
 21008 | Lair:4   | Offered knowledge of Throw Icicle by Vehumet.
 21023 | Lair:4   | Reached skill level 15 in Spellcasting
 21728 | Lair:4   | Noticed Nessos
 21732 | Lair:4   | Killed Nessos
 23280 | Lair:6   | Entered Level 6 of the Lair of Beasts
 23282 | Lair:6   | Reached skill level 10 in Dodging
 23286 | Lair:6   | Reached XP level 14. HP: 71/78 MP: 30/35
 24099 | Lair:5   | Reached skill level 16 in Spellcasting
 24443 | D:4      | Bought a book of the Earth for 715 gold pieces
 24450 | D:4      | Learned a level 6 spell: Iron Shot
 24652 | Lair:5   | Offered knowledge of Bolt of Cold by Vehumet.
 24754 | Lair:6   | Reached skill level 1 in Earth Magic
 25458 | Lair:6   | Found a runed door.
 25460 | Lair:6   | Found a viscous altar of Jiyva.
 25523 | Lair:6   | Noticed Rupert
 25655 | Lair:6   | Found a staircase to the Slime Pits.
 25686 | Lair:6   | Paralysed by Rupert for 7 turns
 26143 | D:12     | Noticed Kirke
 26237 | D:11     | Killed Kirke
 26759 | D:12     | Noticed Gastronok
 26765 | D:12     | Killed Gastronok
 27227 | Orc:1    | Entered Level 1 of the Orcish Mines
 27568 | Orc:1    | Reached skill level 15 in Fire Magic
 27770 | Orc:1    | Found a transporter.
 27777 | Orc:1    | Noticed an orc warlord
 27790 | Orc:1    | You fall through a shaft!
 27790 | Orc:2    | Entered Level 2 of the Orcish Mines
 27792 | Orc:2    | Reached skill level 5 in Earth Magic
 27832 | Orc:2    | Offered knowledge of Bolt of Fire by Vehumet.
 27863 | Orc:2    | Found a staircase to the Elven Halls.
 28314 | Orc:1    | Reached skill level 17 in Spellcasting
 28444 | Orc:2    | Reached XP level 15. HP: 71/82 MP: 37/38
 29344 | Orc:2    | Found Balatuog's Assorted Antiques.
 29344 | Orc:2    | Found Mino's Book Boutique.
 29346 | Orc:2    | Found Uhiphist's General Store.
 29348 | Orc:2    | Found Xanaome's Armour Shoppe.
 29975 | D:13     | Reached skill level 15 in Conjurations
 30768 | D:13     | Reached ****** piety under Vehumet
 30858 | D:13     | Found a gate to the Vaults.
 31214 | D:13     | Offered knowledge of Orb of Destruction by Vehumet.
 31223 | D:13     | Learned a level 7 spell: Orb of Destruction
 32311 | D:14     | Identified the +7 trident "Qyskyorch" {flame, rPois}
 32341 | D:14     | Found the +3 warlock's mirror {reflect}
 33013 | D:14     | Noticed Azrael
 33017 | D:14     | Killed Azrael
 33343 | D:14     | Identified the Guide on Noxious Lightness
 33398 | D:14     | Got an encrusted hand axe
 33399 | D:14     | Identified the cursed +1 hand axe of the Absolute Madman
                  | {antimagic, Int+3 Dex+3} (You found it on level 14 of the
                  | Dungeon)
 33480 | D:14     | Reached skill level 18 in Spellcasting
 33857 | Orc:2    | Bought a pitted platinum amulet for 165 gold pieces
 33857 | Orc:2    | Identified the amulet "Unioppy" {Gourm rC+ Str+4} (You
                  | bought it in a shop on level 2 of the Orcish Mines)
 34047 | D:15     | Entered Level 15 of the Dungeon
 34365 | D:15     | Found a blossoming altar of Fedhas.
 34374 | D:15     | Offered knowledge of Spellforged Servitor by Vehumet.
 34835 | D:15     | Reached XP level 16. HP: 87/87 MP: 40/40
 35324 | D:15     | Found a staircase to the Depths.
 35622 | D:15     | Found a gateway to a bazaar.
 35746 | D:15     | Learned a level 6 spell: Statue Form
 35944 | Snake:1  | Entered Level 1 of the Snake Pit
 36550 | Snake:1  | Found a shadowy altar of Dithmenos.
 37298 | Snake:2  | Offered knowledge of Conjure Ball Lightning by Vehumet.
 37430 | Snake:2  | Reached skill level 10 in Earth Magic
 37646 | Snake:2  | Reached skill level 19 in Spellcasting
 38994 | Snake:2  | Got an ichor-stained ring mail
 38995 | Snake:2  | Identified the +1 ring mail "Zenal" {+Blink Stlth+} (You
                  | found it on level 2 of the Snake Pit)
 39587 | Snake:3  | Reached XP level 17. HP: 87/92 MP: 3/42
 40727 | Snake:4  | Entered Level 4 of the Snake Pit
 41598 | Snake:4  | Offered knowledge of Lehudib's Crystal Spear by Vehumet.
 41598 | Snake:4  | Offered knowledge of Glaciate by Vehumet.
 41598 | Snake:4  | Offered knowledge of Tornado by Vehumet.
 42592 | Snake:4  | Reached skill level 20 in Spellcasting
 43746 | Snake:4  | Reached XP level 18. HP: 96/96 MP: 39/44
 43924 | Snake:4  | Got a serpentine rune of Zot
 44153 | Shoals:1 | Entered Level 1 of the Shoals
 44638 | Shoals:1 | Found a runed door.
 44638 | Shoals:1 | Noticed Fynlaimo's ghost (adept KoFi)
 45020 | Shoals:1 | Found Tiatus's Magic Scroll Emporium.
 45029 | Shoals:1 | Bought a scroll of identify for 26 gold pieces
 46976 | Shoals:3 | Reached skill level 21 in Spellcasting
 46977 | Shoals:3 | Identified the +4 chain mail "Xaixzayh" {rF+}
 47527 | Shoals:4 | Entered Level 4 of the Shoals
 49206 | Shoals:4 | Reached XP level 19. HP: 100/100 MP: 46/46
 49297 | Shoals:4 | Got a fine gossamer ring
 49362 | Shoals:4 | Got a barnacled rune of Zot
 49714 | Orc:2    | Bought a scroll of identify for 66 gold pieces
 49714 | Orc:2    | Identified the ring "Zenaviba" {rPois rF+ rN+} (You found
                  | it on level 4 of the Shoals)
 49868 | Vaults:1 | Entered Level 1 of the Vaults
 51218 | Vaults:1 | Found a runed gate.
 51219 | Vaults:1 | Found a runed gate.
 51220 | Vaults:1 | Found a runed gate.
 51222 | Vaults:1 | Noticed Cuqew's ghost (adept DsBe)
 52092 | Vaults:2 | Found Arer's Book Shop.
 52392 | D:6      | Bought a book of Annihilations for 1435 gold pieces
 52402 | D:6      | Learned a level 9 spell: Fire Storm
 52412 | D:6      | Learned a level 9 spell: Shatter
 52887 | Vaults:2 | Found Laesch's Distillery.
 53185 | Vaults:2 | Reached skill level 22 in Spellcasting
 53732 | Vaults:2 | Found Buucobrir's Gadget Shoppe.
 53763 | Vaults:2 | Found Aggian's Jewellery Emporium.
 54051 | Vaults:2 | Reached skill level 15 in Earth Magic
 54172 | Vaults:2 | Noticed Margery
 54175 | Vaults:2 | Killed Margery
 54394 | Vaults:2 | Found a staircase to the Crypt.
 54394 | Vaults:2 | Found a basalt altar of Yredelemnul.
 54395 | Vaults:2 | Found an ancient bone altar of Kikubaaqudgha.
 54460 | Vaults:2 | Reached XP level 20. HP: 106/106 MP: 48/48
 55131 | Vaults:3 | Noticed Frederick
 55914 | Vaults:3 | Noticed Saint Roka
 55918 | Vaults:3 | Killed Saint Roka
 56348 | Vaults:3 | Killed Frederick
 56698 | Vaults:3 | Learned a level 8 spell: Necromutation
 56732 | Vaults:3 | Reached skill level 1 in Necromancy
 56732 | Vaults:3 | Reached skill level 1 in Transmutations
 56732 | Vaults:3 | Reached skill level 1 in Evocations
 57392 | Vaults:3 | Found Suskixij's Antique Weapon Shop.
 57392 | Vaults:3 | Found Ivokitwe's Assorted Antiques.
 57417 | Vaults:3 | Found Xana's Gadget Shop.
 58284 | Vaults:4 | Noticed Sojobo
 58622 | Vaults:4 | Reached XP level 21. HP: 110/110 MP: 36/49
 58822 | Vaults:4 | Found a portal to a secret trove of treasure.
 58854 | Vaults:4 | Killed Sojobo
 58869 | Vaults:4 | Reached skill level 5 in Necromancy
 59503 | Vaults:4 | Noticed Jory
 59506 | Vaults:4 | Killed Jory
 59506 | Vaults:4 | Reached skill level 5 in Transmutations
 59506 | Vaults:4 | Reached skill level 5 in Evocations
 60132 | Vaults:4 | Identified a +2 pair of boots of running (You found it on
                  | level 4 of the Vaults)
 60665 | Vaults:4 | Found a radiant altar of Vehumet.
 60856 | Vaults:5 | Entered Level 5 of the Vaults
 60872 | Vaults:5 | Reached XP level 22. HP: 110/115 MP: 41/50
 60878 | Vaults:5 | Noticed a golden dragon
 60885 | Vaults:5 | Killed a golden dragon
 60888 | Vaults:5 | Reached skill level 10 in Necromancy
 61127 | Vaults:5 | Noticed a golden dragon
 61130 | Vaults:5 | Killed a golden dragon
 61296 | Vaults:5 | Identified the cursed +0 flail "Zusyilaa" {speed, *Corrode
                  | +Blink rN+}
 61307 | Vaults:5 | Reached skill level 10 in Evocations
 61420 | Vaults:5 | Reached skill level 10 in Transmutations
 61826 | Vaults:5 | Found Raumoras's Distillery.
 62193 | Vaults:5 | Identified a scroll of acquirement
 62284 | Vaults:5 | Found Vihit's Magic Scroll Boutique.
 62288 | Vaults:5 | Bought a scroll of identify for 24 gold pieces
 62288 | Vaults:5 | Bought a scroll of identify for 24 gold pieces
 62297 | Vaults:5 | Found Jingieff's Food Shoppe.
 62320 | Vaults:5 | Found Ruattil's Food Boutique.
 62320 | Vaults:5 | Found Tuczalic's Magic Scroll Emporium.
 62514 | Vaults:5 | Found Gicu's Antique Armour Shop.
 62522 | Vaults:5 | Got a silver rune of Zot
 62841 | Vaults:5 | Found Feinib's Distillery.
 62867 | Vaults:5 | Found Nanique's Food Shoppe.
 62867 | Vaults:5 | Found Tokei's Magic Scroll Boutique.
 63067 | Depths:1 | Entered Level 1 of the Depths
 63657 | Lair:6   | Killed Rupert
 64355 | Elf:1    | Entered Level 1 of the Elven Halls
 64507 | Elf:1    | Reached XP level 23. HP: 69/120 MP: 11/51
 65283 | Elf:1    | Identified the +8 quarterstaff "Xiari" {freeze, rC+}
 66189 | Elf:2    | Found a huge runed gate.
 66189 | Elf:2    | Found a huge runed gate.
 66189 | Elf:2    | Found a huge runed gate.
 66189 | Elf:2    | Found a huge runed gate.
 66189 | Elf:2    | Found a huge runed gate.
 66846 | D:4      | Bought a manual of Evocations for 1214 gold pieces
 68362 | Elf:3    | Entered Level 3 of the Elven Halls
 68913 | Elf:3    | Identified the cursed +0 long sword "Mumaide" {flame,
                  | Str+4}
 69165 | Elf:3    | Reached XP level 24. HP: 124/124 MP: 50/51
 69244 | Elf:3    | Identified the cursed +3 short sword "Wesanol" {pierce,
                  | rPois MR+ Str+4}
 69493 | Elf:3    | Identified the Incunabulum of Frigorific Earth
 69693 | Elf:3    | Reached skill level 15 in Evocations
 69736 | Elf:3    | Found Ahus's One-of-a-Kind Books.
 69744 | Elf:3    | Found Ynwi's Distillery.
 70402 | Vaults:4 | You paid a toll of 2 scrolls of acquirement to enter a
                  | treasure trove
 70403 | Trove    | Entered a treasure trove
 70430 | Trove    | Found the +10 zealot's sword {holy, *Rage rN+ EV+3}
 70856 | Depths:1 | Reached skill level 15 in Necromancy
 71744 | Depths:1 | Found a gateway to Hell.
 71905 | Depths:1 | Found a one-way gate to the infinite horrors of the Abyss.
 72628 | Depths:2 | Found a gateway to a ziggurat.
 74379 | Vaults:2 | Bought a manual of Dodging for 1104 gold pieces
 75416 | Depths:3 | Found Tarr's Antique Weapon Shoppe.
 75420 | Depths:3 | Found Pofochan's Antique Armour Emporium.
 75421 | Depths:3 | Found Ileyneru's Gadget Shoppe.
 75685 | Depths:3 | Found a one-way gate leading to the halls of Pandemonium.
 75812 | Depths:3 | Identified the +1 robe of Intercession {rC- Int+9 Slay+6}
 76131 | Depths:3 | Learned a level 5 spell: Borgnjor's Vile Clutch
 76132 | Depths:3 | Got a pair of heavily runed gloves
 76133 | Depths:3 | Identified the +2 pair of gloves of the Circus Animal
                  | {Str+4} (You found it on level 3 of the Depths)
 76270 | Depths:3 | Found Siwav's Jewellery Boutique.
 76515 | Depths:4 | Reached XP level 25. HP: 111/128 MP: 51/51
 77484 | Depths:4 | Reached skill level 15 in Dodging
 79005 | Depths:5 | Entered Level 5 of the Depths
 79014 | Depths:5 | Noticed a juggernaut
 79017 | Depths:5 | Killed a juggernaut
 79150 | Depths:5 | Found a gate to the Realm of Zot.
 79554 | Depths:5 | Reached XP level 26. HP: 136/136 MP: 16/51
 81020 | Crypt:1  | Entered Level 1 of the Crypt
 82443 | Crypt:1  | Noticed Boris
 82446 | Crypt:1  | Killed Boris
 82451 | Crypt:1  | Noticed Donald
 82453 | Crypt:1  | Killed Donald
 82832 | Crypt:2  | Found an ancient bone altar of Kikubaaqudgha.
 84612 | Crypt:2  | Reached skill level 23 in Spellcasting
 84796 | Crypt:3  | Entered Level 3 of the Crypt
 85925 | Crypt:3  | Paralysed by a vampire knight for 2 turns
 87562 | Crypt:3  | Found a staircase to the Tomb.
 88442 | Orc:2    | Bought a manual of Dodging for 1766 gold pieces
 88452 | Orc:2    | Learned a level 9 spell: Tornado
 88674 | Slime:1  | Entered Level 1 of the Pits of Slime
 89208 | Slime:2  | Reached XP level 27. HP: 137/149 MP: 33/52
 89692 | Slime:5  | Entered Level 5 of the Pits of Slime
 89705 | Slime:5  | Noticed the Royal Jelly
 89708 | Slime:5  | Killed the Royal Jelly
 89720 | Slime:5  | Reached skill level 24 in Spellcasting
 89834 | Slime:5  | Reached skill level 10 in Fighting
 90027 | Slime:5  | Found the amulet of Vitality {Regen+ HP+15}
 90038 | Slime:5  | Got a coiled tin ring
 90042 | Slime:5  | Identified the ring of Codior {MR+ Dex+3 Slay+2} (You found
                  | it on level 5 of the Pits of Slime)
 90078 | Slime:5  | Got a slimy rune of Zot
 90124 | Slime:5  | Got a crude pewter ring
 90125 | Slime:5  | Identified the ring of Erezxeimp {+Fly rElec rF+} (You
                  | found it on level 5 of the Pits of Slime)
 90859 | Zot:1    | Entered Level 1 of the Realm of Zot
 91154 | Zot:1    | Noticed an orb of fire
 91164 | Zot:1    | Killed an orb of fire
 91212 | Depths:5 | Learned a level 8 spell: Lehudib's Crystal Spear
 95169 | Zot:3    | Reached skill level 25 in Spellcasting
 95263 | Zot:3    | Identified the Volume of the Ashen Oath
 95775 | Zot:4    | Reached skill level 1 in Air Magic
 95844 | Zot:4    | Noticed an orb of fire
 95984 | Zot:4    | HP: 6/155 [something (18)]
 95984 | Zot:4    | Slain by a ghost moth

Vault maps used:
D:1:      dpeg_arrival_pond, kennysheep_minor_cross
D:3:      first_ration, uniq_terence
D:4:      vehumet_altar_wand_db, serial_shops, kennysheep_little_box,
          uniq_blork_the_orc, uniq_menkaure, uniq_crazy_yiuf_cottage,
          uniq_grinder
D:5:      chequers_avenue, uniq_eustachio
D:6:      cheibrodos_barr_body, eat_drink_and_be_merry_uskayaw, serial_shops,
          shop
D:7:      lemuel_crystal_altar, lemuel_round_altar, minmay_temple_entry_statues,
          uniq_joseph, uniq_prince_ribbit1, uniq_pikel
D:8:      nemelex_xobeh_ov_fountains_minmay, lair_entry_dummy, hangedman_ranch
D:9:      lemuel_round_altar, erik_orc_1, basic_altar,
          nicolae_tso_carved_into_rock, uniq_erica, uniq_harold
D:11:     evilmike_minifort
D:12:     uniq_gastronok, uniq_kirke
D:13:     grunt_vaults_entry_tiered
D:14:     minmay_smoke_and_mirrors, chequers_serial_rivers_micro_d, uniq_azrael
D:15:     gammafunk_depths_entry_grave, fedhas_altar_3, serial_shops,
          bzr_entry_safe
Lair:1:   lab_entry_generic, basic_altar, infiniplex_staircase_pool,
          serial_bayou_shore_b
Lair:2:   dummy_snake_entry, serial_bayou_shore_b
Lair:3:   minmay_shoals_entry_lonely_mermaid, gammafunk_ghost_hydra_chop
Lair:4:   guppyfry_lair_drakes, lemuel_fruit_fields, uniq_nessos
Lair:5:   infiniplex_staircase_pool_2, grunt_megastairs_2
Lair:6:   gammafunk_lair_ancient_temple, slime_altar_2, st_stairs_9, uniq_rupert
Shoals:1: gammafunk_ghost_grave, serial_shops,
          nicolae_shop_temple_entry_statues_fountains
Shoals:2: nicolae_shoals_wave_tunnel
Shoals:4: shoals_end_grunt_ice, nicolae_shoals_loop_pool
Snake:1:  basic_altar
Snake:3:  serial_bayou_shore_a
Snake:4:  snake_pit_salamanders_mu, special_room
Slime:1:  cheibrodos_slime_lost_civilization_8,
          cheibrodos_slime_lost_civilization_6
Orc:1:    gammafunk_beogh_shrine
Orc:2:    st_orc_rangers
Elf:1:    eino_elf_arrival_customs, kennysheep_underground_church, minivault_24,
          spider_trap
Elf:2:    hangedman_elven_pyramids, orc_legates
Elf:3:    grunt_elf_hall_spiral, serial_shops, shop, st_stairs_3,
          nicolae_rare_books
Vaults:1: gammafunk_vaults_ghost_split, vaults_dpeg_spiral,
          hangedman_vaults_slither, v_alt_pattern_1, v_rooms_4,
          vaults_dpeg_hooks
Vaults:2: v_misc_3, nicolae_vaults_sealed_display, vaults_room_ringed_pool,
          vaults_room_hallway, ontoclasm_vaults_chip,
          minmay_crypt_entry_necro_gods, vaults_dpeg_encased_lava,
          v_alt_pattern_3, ontoclasm_vaults_shout,
          nicolae_vaults_twisting_passages, hangedman_vaults_stretched_pinwheel,
          dpeg_vaults_monster_box, v_misc_30, vaults_room_pools,
          vaults_room_pools, serial_shops, shop, shop_coins,
          nicolae_shop_behind_doors, shop, uniq_margery
Vaults:3: v_misc_29, v_misc_11, hangedman_vaults_hard_town_square,
          hangedman_vaults_nodes, nicolae_vaults_mini_display_case, v_misc_17,
          nicolae_vaults_little_squares_4, v_alt_pattern_6,
          hangedman_vaults_cutoff, uniq_frederick, uniq_saint_roka
Vaults:4: ontoclasm_vaults_shuriken, vaults_room_grunt_arrival_ludios,
          vaults_mumra_hexcomb, grunt_vaults_twisty, hangedman_vaults_nails,
          ontoclasm_vaults_claustrophobia, ontoclasm_vaults_gateway,
          nicolae_vaults_angled_halls, special_room_vaults,
          nicolae_vaults_rhombus_5, ontoclasm_vaults_loading_screen, v_misc_3,
          basic_altar, enter_trove_1, uniq_sojobo, uniq_jory
Crypt:1:  roderic_lattice_octagonal_star, grunt_crypt_arrival_split, uniq_boris,
          uniq_donald
Crypt:2:  basic_altar
Crypt:3:  due_elkab, nicolae_tomb_entry_rubble_hallway
Depths:1: nicolae_benzene_ring, hangedman_abyss_entry_splay, hell_entry,
          chequers_serial_rivers_room_b, minmay_hedge_maze,
          serial_sigils_hangedman_confine, minmay_misc_feat_iff,
          minmay_evil_grid
Depths:2: wad_guarded_room, enter_ziggurat_f, serial_bayou_ford_a, abyss_entry,
          lightli_too_deep
Depths:3: kennysheep_demon_jail, corexii_corridor_pit, hell_entry, pan_entry,
          serial_shops, nicolae_shop_behind_doors, minmay_shop_star,
          grunt_megastairs_1
Depths:4: grunt_runaround, abyss_entry, hell_entry
Depths:5: grunt_zot_entry_alcove, grunt_pan_entry_spiral, abyss_entry,
          grunt_hell_entry_dis_mu
Zot:4:    gammafunk_sealed_library, lemuel_elevator
Lab:      labyrinth_spiral, lab_hedge, nicolae_lab_grate, nicolae_lab_t_cross,
          nicolae_lab_diamond, nicolae_lab_big_swirl, labyrinth_skeletal_remains
Trove:    trove_weapons_four_rooms

Skill      XL: |  1  2  3  4  5  6  7  8  9 10 11 12 13 14 15 16 17 18 19 20 21 22 23 24 25 26 27 |
---------------+----------------------------------------------------------------------------------+-----
Conjurations   | 2 3 4 5 6 7 9 10 11 12 13 14 15 16 17 18 19 20 | 20.0
Fire Magic     | 4 5 6 7 8 9 10 12 13 15 16 17 18 19 20 | 20.0
Spellcasting   | 4 5 6 8 10 11 13 14 15 17 18 19 20 21 22 23 25 | 25.1
Fighting       | 3 4 5 6 9 11 | 11.5
Dodging        | 5 7 10 12 17 19 22 | 22.3
Shields        | 2 4 |  4.0
Earth Magic    | 5 8 10 12 13 15 17 18 19 20 | 20.0
Necromancy     | 3 8 11 14 19 21 | 21.3
Transmutations | 3 8 10 13 14 | 14.0
Evocations     | 3 8 10 14 18 20 21 22 | 22.4
Air Magic      | 2 |  2.0
Stealth        | |  2.4

Action                   |  1- 3 |  4- 6 |  7- 9 | 10-12 | 13-15 | 16-18 | 19-21 | 22-24 | 25-27 || total
-------------------------+-------+-------+-------+-------+-------+-------+-------+-------+-------++-------
Melee: Dagger            |       |    22 |       |       |       |       |       |       |       ||    22
       Hand axe          |       |     3 |       |       |       |       |       |       |       ||     3
       Short sword       |       |       |    13 |       |       |       |       |       |       ||    13
       Quarterstaff      |       |       |     8 |       |       |       |       |       |       ||     8
       Whip              |       |       |       |    55 |       |       |       |       |       ||    55
       Staff             |       |       |       |     1 |       |       |       |       |       ||     1
       Morningstar       |       |       |       |       |     4 |     1 |     2 |       |     4 ||    11
 Cast: Flame Tongue      |    63 |    98 |    97 |    96 |    68 |     8 |       |       |       ||   430
       Sticky Flame      |       |     7 |    17 |    35 |    48 |    18 |    16 |       |     1 ||   142
       Conjure Flame     |       |     3 |     4 |     3 |     2 |       |       |       |       ||    12
       Fireball          |       |       |    57 |   222 |   507 |   656 |   370 |   240 |   136 ||  2188
       Blink             |       |       |     1 |    20 |    12 |       |     4 |       |     4 ||    41
       Iron Shot         |       |       |       |       |    33 |    41 |    42 |   148 |   225 ||   489
       Orb of Destructio |       |       |       |       |    13 |     4 |       |     1 |       ||    18
       Fire Storm        |       |       |       |       |       |       |    71 |   120 |   236 ||   427
       Shatter           |       |       |       |       |       |       |    13 |    30 |    10 ||    53
       Necromutation     |       |       |       |       |       |       |       |    10 |   127 ||   137
       Lehudib's Crystal |       |       |       |       |       |       |       |       |    38 ||    38
Evoke: Wand              |       |       |       |       |     2 |       |     1 |     2 |       ||     5
       Staff of energy   |       |       |       |       |       |       |       |       |    67 ||    67
  Use: Scroll            |       |       |    10 |     3 |    15 |     6 |     5 |    15 |     8 ||    62
       Potion            |       |       |     1 |       |       |     2 |     3 |       |       ||     6
  Eat: Chunk             |     1 |     7 |    14 |    34 |    41 |    45 |    39 |    56 |    13 ||   250
       Ration            |       |     1 |     5 |     5 |     5 |       |       |       |     1 ||    17
Armor: Robe              |     2 |    17 |    18 |     3 |       |       |       |     9 |    34 ||    83
       Troll leather arm |       |       |       |    53 |    58 |    22 |    28 |       |       ||   161
Dodge: Dodged            |    21 |    35 |    58 |    68 |   109 |    75 |    58 |    41 |    69 ||   534
Block: Buckler           |       |       |       |     4 |    58 |    41 |    33 |    20 |    33 ||   189
       Reflection        |       |       |       |       |     2 |    19 |    18 |    15 |    17 ||    71

Table legend:
 A = Non-vault XP
 B = Vault XP
 C = Vault XP percentage of total XP
 D = Non-vault monster count
 E = Vault monster count
 F = Vault count percentage of total count
                 A         B        C        D         E       F
            +---------+---------+-------+---------+---------+-------
      Total |  980331 |  745908 |  43.2 |    1858 |     920 |  33.1
            +---------+---------+-------+---------+---------+-------
        D:1 |      59 |       0 |   0.0 |      26 |       0 |   0.0
        D:2 |      93 |       0 |   0.0 |      24 |       0 |   0.0
        D:3 |      91 |      32 |  26.0 |      26 |       1 |   3.7
        D:4 |     426 |     597 |  58.4 |      19 |       5 |  20.8
        D:5 |     404 |     188 |  31.8 |       9 |       1 |  10.0
        D:6 |    1049 |    1169 |  52.7 |      23 |       9 |  28.1
        D:7 |    1524 |     455 |  23.0 |      27 |       1 |   3.6
        D:8 |    1923 |    3187 |  62.4 |      32 |       9 |  22.0
        D:9 |    2618 |    1517 |  36.7 |      29 |      18 |  38.3
       D:10 |    5190 |       0 |   0.0 |      34 |       0 |   0.0
       D:11 |    4240 |    4332 |  50.5 |      37 |      12 |  24.5
       D:12 |    4761 |    2382 |  33.3 |      25 |       2 |   7.4
       D:13 |    7921 |    7175 |  47.5 |      38 |      25 |  39.7
       D:14 |    9150 |    9354 |  50.6 |      24 |      18 |  42.9
       D:15 |   14391 |    6289 |  30.4 |      43 |       8 |  15.7
     Lair:1 |    3589 |       0 |   0.0 |      13 |       0 |   0.0
     Lair:2 |    7763 |       0 |   0.0 |      27 |       0 |   0.0
     Lair:3 |    7833 |     481 |   5.8 |      30 |       1 |   3.2
     Lair:4 |    3522 |    2095 |  37.3 |      16 |       5 |  23.8
     Lair:5 |   10674 |    3281 |  23.5 |      26 |      13 |  33.3
     Lair:6 |   13161 |   13163 |  50.0 |      31 |      33 |  51.6
   Shoals:1 |   12400 |       0 |   0.0 |      27 |       0 |   0.0
   Shoals:2 |   11656 |    2140 |  15.5 |      27 |       7 |  20.6
   Shoals:3 |   23811 |     700 |   2.9 |      51 |       1 |   1.9
   Shoals:4 |   11459 |   21473 |  65.2 |      23 |      33 |  58.9
    Snake:1 |   12584 |       0 |   0.0 |      23 |       0 |   0.0
    Snake:2 |   27834 |       0 |   0.0 |      39 |       0 |   0.0
    Snake:3 |   20147 |       0 |   0.0 |      34 |       0 |   0.0
    Snake:4 |   17412 |   53308 |  75.4 |      35 |      69 |  66.3
    Slime:1 |   13678 |       0 |   0.0 |      26 |       0 |   0.0
    Slime:2 |   18166 |       0 |   0.0 |      35 |       0 |   0.0
    Slime:3 |   16406 |       0 |   0.0 |      22 |       0 |   0.0
    Slime:4 |   10232 |       0 |   0.0 |      14 |       0 |   0.0
    Slime:5 |   10504 |   32587 |  75.6 |      24 |      13 |  35.1
      Orc:1 |    3727 |     136 |   3.5 |      35 |       1 |   2.8
      Orc:2 |    2545 |    7275 |  74.1 |      30 |      38 |  55.9
      Elf:1 |   32892 |    7204 |  18.0 |      49 |      12 |  19.7
      Elf:2 |   32302 |   39640 |  55.1 |      47 |      62 |  56.9
      Elf:3 |   14231 |   43141 |  75.2 |      27 |      30 |  52.6
   Vaults:1 |   32281 |    8186 |  20.2 |      64 |      14 |  17.9
   Vaults:2 |   24053 |   42038 |  63.6 |      54 |      46 |  46.0
   Vaults:3 |   49170 |   36896 |  42.9 |      73 |      50 |  40.7
   Vaults:4 |   28721 |   35000 |  54.9 |      42 |      45 |  51.7
   Vaults:5 |   65662 |  111684 |  63.0 |      90 |      86 |  48.9
    Crypt:1 |   41942 |    7621 |  15.4 |      63 |       2 |   3.1
    Crypt:2 |   36802 |       0 |   0.0 |      52 |       0 |   0.0
    Crypt:3 |   22611 |   38502 |  63.0 |      29 |      62 |  68.1
   Depths:1 |   43507 |   10606 |  19.6 |      65 |       9 |  12.2
   Depths:2 |   20321 |   23703 |  53.8 |      26 |      22 |  45.8
   Depths:3 |   36279 |   19944 |  35.5 |      50 |      33 |  39.8
   Depths:4 |    1399 |  121987 |  98.9 |       5 |      87 |  94.6
   Depths:5 |   39996 |   22489 |  36.0 |      34 |      31 |  47.7
      Zot:1 |   48162 |       0 |   0.0 |      25 |       0 |   0.0
      Zot:2 |   23827 |       0 |   0.0 |      13 |       0 |   0.0
      Zot:3 |   63021 |       0 |   0.0 |      41 |       0 |   0.0
      Zot:4 |   10209 |    1992 |  16.3 |       5 |       1 |  16.7
        Lab |       0 |    1959 | 100.0 |       0 |       5 | 100.0
            +---------+---------+-------+---------+---------+-------
